 Dungeon Crawl Stone Soup version 0.24.1-14-gf8d2b509d9 (webtiles) character file.

Game seed: 7286996379806265167, levelgen mode: deterministic

65 Gabide the Ruffian (level 4, 0/37 HPs)
             Began as a Ghoul Gladiator on May 20, 2020.
             Slain by a kobold
             ... wielding a +0 whip
              (2 damage)
             ... on level 2 of the Dungeon.
             The game lasted 00:04:23 (953 turns).

Gabide the Ruffian (Ghoul Gladiator)                 Turns: 953, Time: 00:04:24

Health: 0/37       AC:  4    Str: 18    XL:     4   Next: 13%
Magic:  3/3        EV: 12    Int:  3    God:
Gold:   82         SH:  0    Dex: 10    Spells: 3/3 levels left

rFire    . . .     SeeInvis .     - Unarmed
rCold    + . .     Gourm    .   (no shield)
rNeg     + + +     Faith    .   a - +0 leather armour
rPois    ∞         Spirit   .   b - +0 helmet
rElec    .         Reflect  .   (no cloak)
rCorr    .         Harm     .   (no gloves)
MR       .....                  (no boots)
Stlth    +.........             (no amulet)
HPRegen  0.00/turn              (no ring)
MPRegen  0.08/turn              (no ring)

@: rotting
A: rotting body, claws 1, carnivore, cold resistance 1, negative energy
resistance 3, inhibited regeneration, torment resistance, unbreathing
a: no special abilities


You were on level 2 of the Dungeon.
You were not hungry.

You visited 1 branch of the dungeon, and saw 2 of its levels.

You collected 82 gold pieces.

Inventory:

Missiles
 h - 21 stones (quivered)
Armour
 a - a +0 leather armour (worn)
 b - a +0 helmet (worn)
Potions
 e - a potion of magic {unknown}
Comestibles
 d - 4 rations


   Skills:
 + Level 2.3 Fighting
 * Level 2.0 Throwing
 + Level 3.1 Dodging
 + Level 0.2 Stealth
 * Level 4.7 Unarmed Combat


You had 3 spell levels left.
You didn't know any spells.
Your spell library was empty.

Dungeon Overview and Level Annotations

Branches:
Dungeon (2/15)

Altars:


Innate Abilities, Weirdness & Mutations

Your body is rotting away.
You thrive on raw meat.
You are immune to poison.
You have sharp fingernails.
You are carnivorous and can eat meat at any time.
Your flesh is cold resistant. (rC+)
You are immune to negative energy. (rN+++)
You do not regenerate when monsters are visible.
You are immune to unholy pain and torment.
You can survive without breathing.


Message History

You claw the gnoll!
You kill the gnoll!
You have reached level 4!
The kobold misses you.
Okay, then.
You closely miss the kobold.
A gnoll comes into view. It is wielding a +0 spear.
The kobold barely misses you.
The gnoll shouts!
You scratch the kobold.
The kobold is moderately wounded.
You barely miss the kobold.
The kobold is moderately wounded.
The kobold barely misses you. The gnoll hits you.
* * * LOW HITPOINT WARNING * * *
The gnoll closely misses you.
You closely miss the kobold.
The kobold is moderately wounded.
The kobold hits you with a +0 whip.
You die...

..#.#
#........+
#.#.#
#........##
#...#
#......)...
##..#
#.........#
#..#
#.........#
#..#
#.........#
#..#
#..r......#
##.#
###K#####$
#># #@# ###
#g# #g# #g.
#(# ###


You could see 3 gnolls, a kobold and a rat.

Vanquished Creatures
  A gnoll (D:2)
  An ooze (D:1)
  2 worms (D:2)
  A dart slug (D:1)
  An orc (D:2)
  A ball python (D:2)
  A giant cockroach (D:1)
  6 goblins
  6 hobgoblins
  5 jackals (D:1)
  3 kobolds (D:1)
  6 bats (D:1)
  4 rats
38 creatures vanquished.

Notes
Turn   | Place    | Note
-------+----------+-------------------------------------------
     0 | D:1      | Gabide the Ghoul Gladiator began the quest for the Orb.
     0 | D:1      | Reached XP level 1. HP: 17/17 MP: 0/0
    79 | D:1      | Reached XP level 2. HP: 12/24 MP: 1/1
   188 | D:1      | Reached skill level 4 in Unarmed Combat
   248 | D:1      | Reached XP level 3. HP: 25/29 MP: 2/2
   836 | D:2      | HP: 1/29 [worm (5)]
   949 | D:2      | Reached XP level 4. HP: 7/37 MP: 3/3
   953 | D:2      | Slain by a kobold

Levels and vault maps discovered:
D:1:      onia_arrival_mini_spirals, layout_loops_ring
D:2:      layout_basic, amethyst_killhole

Skill      XL: |  1  2  3 |
---------------+----------+-----
Unarmed Combat | 4 |  4.7
Dodging        | 3 |  3.1
Throwing       | 2 |  2.0
Fighting       | |  2.3
Stealth        | |  0.2

Action                   |  1- 3 |  4- 6 || total
-------------------------+-------+-------++-------
Melee: Unarmed           |   119 |     4 ||   123
       Punch             |     2 |       ||     2
Throw: Throwing net      |     5 |       ||     5
       Stone             |    17 |       ||    17
  Use: Scroll            |     3 |       ||     3
 Stab: Held in net/web   |     2 |       ||     2
  Eat: Chunk             |    12 |       ||    12
Armor: Leather armour    |    32 |       ||    32
Dodge: Dodged            |    91 |     4 ||    95
